 Dungeon Crawl Stone Soup version 0.30-a0-578-gdee14c521f (webtiles) character file.

Game seed: 8281993872769004830

938 HyperVT the Covered (level 8, -12/61 HPs)
             Began as a Human Monk on Jan 1, 2023.
             Was a Believer of Ru.
             Killed from afar by a steam dragon (14 damage)
             ... with a ball of steam
             ... on level 5 of the Dungeon.
             The game lasted 00:58:24 (6260 turns).

HyperVT the Covered (Human Monk)                    Turns: 6260, Time: 00:58:25

Health: -12/61     AC:  4    Str: 18 (19) XL:     8   Next: 34%
Magic:  8/8        EV: 12    Int: 10 (11) God:    Ru [**....]
Gold:   437        SH:  0    Dex: 15 (16) Spells: 7/7 levels left

rFire   . . .      SeeInvis .    C - +1 quarterstaff
rCold   x . .      Faith    .    (shield currently unavailable)
rNeg    . . .      Spirit   .    e - +0 ring mail
rPois   +          Reflect  .    (no helmet)
rElec   .          Harm     .    (no cloak)
rCorr   .          Rampage  .    t - +0 pair of gloves
Will    .....      Clarity  +    (no boots)
Stlth   +                        (no amulet)
HPRegen 0.30/turn                d - ring of poison resistance
MPRegen 0.11/turn                r - +6 ring of strength

@: unable to read, unable to drink, very slow
A: inability to drink after injury 2, no poison magic, no summoning magic, no
transmutations magic, clarity, deformed body, deterioration 1, cold
vulnerability 1, inability to read after injury 1
a: Renounce Religion


You were on level 5 of the Dungeon.
You worshipped Ru.
Ru was pleased with you.
You visited 2 branches of the dungeon, and saw 6 of its levels.
You also visited: Sewer.

You collected 437 gold pieces.

Inventory:

Hand Weapons
 h - a +2 heavy flail
 C - a +1 quarterstaff (weapon)
 F - the +5 hand axe "Yvurar" {freeze, Str+4}
   (You found it on level 5 of the Dungeon)

   It freezes those it strikes, dealing additional cold damage.
   It can also slow down cold-blooded creatures.
   Str:       It affects your strength (+4).
Armour
 e - a +0 ring mail (worn)
 o - a +0 scale mail
 t - a +0 pair of gloves (worn)
 z - a +0 tower shield
Jewellery
 d - a ring of poison resistance (left hand)
 r - a +6 ring of strength (right hand)
Wands
 m - a wand of digging (3)
 E - a wand of light (11)
Scrolls
 a - 2 scrolls of magic mapping
 b - a scroll of identify
 c - 2 scrolls of fear
 g - a scroll of immolation {unknown}
 i - a scroll of poison
 p - a scroll of amnesia {unknown}
 u - 2 scrolls of enchant weapon
 w - 2 scrolls of enchant armour {unknown}
 B - a scroll of silence {unknown}
Potions
 f - a potion of lignification {unknown}
 k - 4 potions of brilliance
 l - 3 potions of haste
 q - 3 potions of curing
 s - 3 potions of flight
 A - 2 potions of might
 D - a potion of invisibility {unknown}


   Skills:
 + Level 4.5 Fighting
 + Level 3.7 Long Blades
 + Level 3.6(4.2) Maces & Flails
 + Level 3.1(4.0) Staves
 + Level 4.6 Armour
 + Level 4.2 Dodging
 + Level 2.8 Stealth
 + Level 0.3 Shields


You had 7 spell levels left.
You didn't know any spells.
Your spell library contained the following spells:

 Spells                   Type           Power      Damage    Failure   Level
 Freeze                   Ice            0%         1d3       54%         1
 Frozen Ramparts          Ice            0%         1d1       88%         3
 Gell's Gravitas          Tloc           0%         N/A       88%         3
 Hailstorm                Conj/Ice       0%         3d3       88%         3
 Lesser Beckoning         Tloc           0%         N/A       88%         3
 Teleport Other           Tloc           0%         N/A       88%         3
 Dispersal                Tloc           0%         N/A       100%        6


Dungeon Overview and Level Annotations

Branches:
Dungeon (5/15)             Temple (1/1) D:4           Sewer (visited)

Altars:
Ashenzari
Dithmenos
Elyvilon
Fedhas
Gozag
Hepliaklqana
Makhleb
Nemelex Xobeh
Okawaru
Qazlal
Ru
Sif Muna
Wu Jian
Xom
Yredelemnul
Zin
The Shining One


Innate Abilities, Weirdness & Mutations

You sometimes lose the ability to drink potions when taking damage.
You cannot study or cast Poison magic.
You cannot study or cast Summoning magic.
You cannot study or cast Transmutations magic.
You possess an exceptional clarity of mind.
Armour fits poorly on your strangely shaped body.
Your body sometimes deteriorates upon taking damage.
You are vulnerable to cold. (rC-)
You occasionally lose the ability to read scrolls when taking damage.


Message History

You are engulfed in a cloud of scalding steam.
You feel threatened and lose the ability to drink potions!
The fungus is engulfed in a cloud of scalding steam.
The fungus begins to die.
The steam dragon stops glowing.
The steam dragon bites you but does no damage.
The steam dragon barely misses you. The steam dragon bites you.
The steam dragon claws you.
You thump the steam dragon!
The steam dragon is heavily wounded.
A nearby fungus withers and dies.
The steam dragon misses you. x2
The steam dragon bites you but does no damage.
The steam dragon claws you.
You barely miss the steam dragon.
The steam dragon is heavily wounded.
A nearby fungus withers and dies. x3; The steam dragon bites you.
The steam dragon closely misses you. The steam dragon breathes steam at you.
The ball of steam hits you!
You feel threatened and lose the ability to read scrolls!
* * * LOW HITPOINT WARNING * * *
Your body deteriorates!
You feel dopey.
You cannot read scrolls in your current state!
The fungus is engulfed in a cloud of scalding steam.
The steam dragon bites you!
* * * LOW HITPOINT WARNING * * *
The steam dragon closely misses you. The steam dragon breathes steam at you.
The ball of steam misses you.
The steam dragon attacks as you move away!
You redirect the steam dragon's attack!
The steam dragon bites the steam dragon!
The steam dragon claws the steam dragon but does no damage.
You enter the shallow water.
Moving in this stuff is going to be slow.
A nearby fungus withers and dies.
Your unstable footing causes you to fumble your attack.
The steam dragon breathes steam at you.
The ball of steam hits the steam dragon!
The steam dragon resists.
The ball of steam hits you!
You die...

#.#.#########..####.#
#.#
#.........##S....)†.#
#.#
###.......S....#.####
#.# #######.##.###.# #.#
#.##.# #.# #.#
########S######## #.#
##P~~##.........# #.# #
##^^~~P##.##############
#.....P@#########.~≈~P.~
#......D^..§~P.P~.......
#~.....D§§.§§....P~^^PP≈
##......~~.§..#######^.~
#PP~P.~####### ####P
###PP### #.#######..##
#.#########......###.#
#.###............###.##
#.....##########†##...#


You could see 2 steam dragons.

Vanquished Creatures
  A black bear (D:4)
  An ogre (D:5)
  2 phantoms (D:5)
  A necrophage (D:4)
  2 scorpions (D:5)
  2 iguanas (D:5)
  Jessica (D:2)
  Terence (D:2)
  3 gnolls (D:3)
  4 river rats
  12 adders
  2 white imps (D:5)
  An ufetubus (D:5)
  5 worms
  2 dart slugs (D:1)
  3 orcs
  6 endoplasms
  5 giant cockroaches
  11 goblins
  10 hobgoblins
  6 jackals
  9 kobolds
  3 quokkas
  12 ball pythons
  8 bats
  4 frilled lizards
  4 rats
121 creatures vanquished.

Vanquished Creatures (others)
  A gnoll (D:3)
  5 fungi (D:5)
  A plant (D:1)
7 creatures vanquished.

Grand Total: 128 creatures vanquished

Notes
Turn   | Place    | Note
-------+----------+-------------------------------------------
     0 | D:1      | HyperVT the Human Monk began the quest for the Orb.
     0 | D:1      | Reached XP level 1. HP: 18/18 MP: 1/1
   159 | D:2      | Reached XP level 2. HP: 13/24 MP: 2/2
   421 | D:1      | Reached XP level 3. HP: 14/29 MP: 3/3
  1026 | D:1      | Found a faded altar of an unknown god.
  1034 | D:1      | Prayed at the altar of an unknown god.
  1034 | D:1      | Became a worshipper of Ru the Awakened
  1300 | D:2      | Gained mutation: You cannot study or cast Poison magic. [Ru
                  | sacrifice]
  1300 | D:2      | Gained mutation: You cannot study or cast Transmutations
                  | magic. [Ru sacrifice]
  1300 | D:2      | Gained mutation: You cannot study or cast Summoning magic.
                  | [Ru sacrifice]
  1300 | D:2      | Reached * piety under Ru
  1538 | D:2      | Reached XP level 4. HP: 31/35 MP: 4/4
  1545 | D:2      | Noticed Jessica
  1551 | D:2      | Killed Jessica
  1552 | D:2      | Reached skill level 1 in Maces & Flails
  1552 | D:2      | Reached skill level 1 in Armour
  1577 | D:2      | Noticed Terence
  1606 | D:2      | Killed Terence
  1607 | D:2      | Reached XP level 5. HP: 14/41 MP: 5/5
  2292 | D:3      | Found a glowing drain.
  2373 | Sewer    | Entered a sewer
  2490 | Sewer    | Reached XP level 6. HP: 30/47 MP: 6/6
  2800 | Sewer    | Gained mutation: You are vulnerable to cold. (rC-) [potion
                  | of mutation]
  2800 | Sewer    | Gained mutation: You are weak. (Str -2) [potion of
                  | mutation]
  2800 | Sewer    | Gained mutation: You have an increased reservoir of magic.
                  | (+10% MP) [potion of mutation]
  3118 | D:3      | Lost mutation: You are weak. (Str -2) [potion of mutation]
  3118 | D:3      | Lost mutation: You have an increased reservoir of magic.
                  | (+10% MP) [potion of mutation]
  3118 | D:3      | Gained mutation: Your body sometimes deteriorates upon
                  | taking damage. [potion of mutation]
  3118 | D:3      | Gained mutation: You occasionally lose the ability to read
                  | scrolls when taking damage. [potion of mutation]
  3118 | D:3      | Gained mutation: Armour fits poorly on your strangely
                  | shaped body. [potion of mutation]
  3118 | D:3      | Gained mutation: You possess an exceptional clarity of
                  | mind. [potion of mutation]
  3729 | D:3      | Gained mutation: You occasionally lose the ability to drink
                  | potions when taking damage. [Ru sacrifice]
  3729 | D:3      | Gained mutation: You sometimes lose the ability to drink
                  | potions when taking damage. [Ru sacrifice]
  3729 | D:3      | Reached ** piety under Ru
  4011 | D:4      | Found a staircase to the Ecumenical Temple.
  4021 | Temple   | Entered the Ecumenical Temple
  4296 | D:4      | Reached XP level 7. HP: 30/53 MP: 7/7
  4480 | D:4      | Found a hazy altar of Hepliaklqana.
  4901 | D:5      | Entered Level 5 of the Dungeon
  4955 | D:5      | Reached skill level 1 in Staves
  4975 | D:5      | Identified the +5 hand axe "Yvurar" {freeze, Str+4}
  5021 | D:5      | Noticed a water moccasin
  5695 | D:5      | Reached XP level 8. HP: 56/61 MP: 8/8
  6258 | D:5      | HP: 1/61 [steam dragon (10)]
  6260 | D:5      | Killed from afar by a steam dragon

Illustrated notes

Levels and vault maps discovered:
D:1:      dpeg_arrival_pits, layout_basic, shapermc_ecumenical_altar_petra,
          minmay_tromino_v2
D:2:      cheibrodos_greedy_goblins, layout_loops_ring, uniq_jessica,
          uniq_terence
D:3:      layout_loops_ring, lightli_sewer_entry_pipes, minmay_misc_feat_roman
D:4:      layout_basic, mainiacjoe_overflow_24_doors, temple_statues
D:5:      kennysheep_steamy, layout_loops_ring, grunt_decor_cap
Temple:   eino_temple_rhombus

Skill      XL: |  1  2  3  4  5  6  7  8 |
---------------+-------------------------+-----
Maces & Flails | 1 2 3 |  3.6
Armour         | 1 2 3 4 |  4.6
Fighting       | 4 |  4.5
Dodging        | 4 |  4.2
Staves         | 2 3 |  3.1
Long Blades    | |  3.7
Stealth        | |  2.8
Shields        | |  0.3

Action                   |  1- 3 |  4- 6 |  7- 9 || total
-------------------------+-------+-------+-------++-------
Melee: Falchion          |    50 |    18 |       ||    68
       Whip              |    17 |       |       ||    17
       Club              |     4 |       |       ||     4
       Punch             |     1 |       |       ||     1
       Flail             |    47 |   210 |       ||   257
       Quarterstaff      |       |       |   105 ||   105
       Hand axe          |       |       |     5 ||     5
Invok: Sacrifice Arcana  |     1 |       |       ||     1
       Sacrifice Drink   |       |     1 |       ||     1
  Use: Potion            |     2 |     3 |     1 ||     6
       Scroll            |     5 |     5 |     7 ||    17
 Stab: Sleeping          |     1 |     2 |     1 ||     4
       Invisible         |       |       |     1 ||     1
Armor: Robe              |     8 |       |       ||     8
       Ring mail         |    34 |   138 |    24 ||   196
Dodge: Dodged            |   116 |   256 |    67 ||   439
Block: Tower shield      |       |    18 |       ||    18

Table legend: (Time is in decaauts)
 A = Elapsed time spent in this place.
 B = Non-inter-level travel time spent in this place.
 C = Inter-level travel time spent in this place.
 D = Time resting spent in this place.
 E = Time spent auto-exploring this place.
 F = Levels seen in this place.
 G = Mean time per level.
                   A        B        C        D        E       F      G
               +--------+--------+--------+--------+--------+-----+--------+
         Total |   6681 |   5566 |   1115 |    940 |   2888 |   7 |  954.4 |
       Dungeon |   5616 |   4592 |   1024 |    839 |   2533 |   5 | 1123.2 |
        Temple |    226 |    135 |     91 |      0 |    126 |   1 |  226.0 |
         Sewer |    837 |    837 |      0 |    101 |    228 |   1 |  837.0 |
               +--------+--------+--------+--------+--------+-----+--------+

Top non-repeatable levels by time:
     D:5: 1373 daAuts
     D:1: 1199 daAuts
     D:2: 1161 daAuts
     D:3: 1148 daAuts
   Sewer: 837 daAuts
     D:4: 734 daAuts
  Temple: 226 daAuts
